 Dungeon Crawl Stone Soup version 0.30-a0-778-g2ef04afb54 (webtiles) character file.

Game seed: 14809747428788456653

11144 mistaj the Fighter (level 11, 0/86 HPs)
             Began as a Gargoyle Fighter on Feb 15, 2023.
             Was a High Priest of Okawaru.
             Slain by a vampire (5 damage)
             ... on level 10 of the Dungeon.
             The game lasted 00:24:23 (11043 turns).

mistaj the Fighter (Gargoyle Fighter)              Turns: 11043, Time: 00:24:24

Health: 0/86       AC: 20    Str: 22    XL:     11   Next: 73%
Magic:  11/11      EV: 10    Int:  9    God:    Okawaru [*****.]
Gold:   1102       SH:  5    Dex: 13    Spells: 10/10 levels left

rFire   . . .      SeeInvis +    t - +5 broad axe
rCold   + + .      Faith    .    c - +0 buckler
rNeg    + . .      Spirit   .    G - +3 ring mail
rPois   ∞          Reflect  .    (no helmet)
rElec   +          Harm     .    o - +0 cloak
rCorr   .          Rampage  .    (no gloves)
Will    .....                    s - +1 pair of boots
Stlth   +                        (no amulet)
HPRegen 0.34/turn                C - ring of protection from cold
MPRegen 0.12/turn                q - ring of protection from cold

@: no status effects
A: sickness immunity, AC +8, negative energy resistance 1, electricity
resistance, torment resistance 1, petrification resistance, see invisible, agile
1, robust 1
a: Renounce Religion, Heroism, Finesse, Duel


You were on level 10 of the Dungeon.
You worshipped Okawaru.
Okawaru was extremely pleased with you.
You visited 2 branches of the dungeon, and saw 11 of its levels.
You also visited: Sewer and Bailey.

You collected 1102 gold pieces.

Inventory:

Hand Weapons
 t - a +5 broad axe (weapon)
 F - the +8 hand axe of Sunlight {freeze, rPois Stlth+}
   (You found it on level 10 of the Dungeon)

   rPois:     It protects you from poison.
   Stlth:     It makes you more stealthy.
Missiles
 j - 5 throwing nets (quivered)
 D - a javelin
 M - 3 silver javelins
Armour
 b - a +1 helmet
 c - a +0 buckler (worn)
 h - a +0 helmet
 o - a +0 cloak (worn)
 s - a +1 pair of boots (worn)
 G - a +3 ring mail (worn)
 H - +0 steam dragon scales
Jewellery
 q - a ring of protection from cold (right hand)
 C - a ring of protection from cold (left hand)
Wands
 x - a wand of roots (2)
 y - a wand of polymorph (12)
 I - a wand of flame (5)
Scrolls
 g - 2 scrolls of immolation
 i - a scroll of enchant weapon
 k - 4 scrolls of fog
 r - 11 scrolls of teleportation
 L - a scroll of magic mapping
Potions
 a - 3 potions of curing {unknown}
 d - 4 potions of might
 e - 3 potions of degeneration {unknown}
 f - 2 potions of magic {unknown}
 l - 2 potions of resistance
 m - 2 potions of lignification {unknown}
 n - 2 potions of brilliance {unknown}
 p - 3 potions of attraction
 v - 3 potions of heal wounds {unknown}
 w - 3 potions of haste {unknown}
 z - 4 potions of mutation
 A - 4 potions of flight
 B - a potion of ambrosia {unknown}
 E - a potion of invisibility {unknown}
 K - a potion of cancellation {unknown}


   Skills:
 + Level 13.6 Fighting
 * Level 4.3(8.1) Axes
 - Level 11.6(12.0) Maces & Flails
 + Level 4.6 Armour
 - Level 6.0 Shields


You had 10 spell levels left.
You didn't know any spells.
Your spell library contained the following spells:

 Spells                   Type           Power      Damage    Failure   Level
 Blink                    Tloc           0%         N/A       77%         2
 Lesser Beckoning         Tloc           0%         N/A       77%         2
 Momentum Strike          Conj/Tloc      0%         3d8       77%         2
 Poisonous Vapours        Pois/Air       0%         N/A       77%         2
 Scorch                   Fire           0%         2d5       77%         2
 Dazzling Flash           Conj/Hex       0%         N/A       94%         3
 Mephitic Cloud           Conj/Pois/Air  0%         N/A       94%         3
 Flame Wave               Conj/Fire      0%         2d4       100%        4
 Agony                    Necr           0%         N/A       100%        5
 Silence                  Hex/Air        0%         N/A       100%        5
 Storm Form               Tmut/Air       0%         N/A       100%        7
 Maxwell's Capacitive Co  Air            0%         ∞         100%        8
 Summon Small Mammal      Summ           Unusable   N/A       N/A         1
 Cigotuvi's Dreadful Rot  Necr/Pois/Air  Unusable   N/A       N/A         2
 Summon Lightning Spire   Summ/Air       Unusable   N/A       N/A         4
 Summon Cactus Giant      Summ           Unusable   N/A       N/A         6

Dungeon Overview and Level Annotations

Branches:
Dungeon (10/15)            Temple (1/1) D:4           Sewer (visited)
 Bailey (visited)
   Lair: D:8-11         Orc: D:9-12

Altars:
Ashenzari
Cheibriados
Dithmenos
Elyvilon
Fedhas
Gozag
Hepliaklqana
Kikubaaqudgha
Nemelex Xobeh
Okawaru
Qazlal
Ru
Sif Muna
Trog
Uskayaw
Vehumet
Wu Jian
Xom
Yredelemnul
Zin
The Shining One

Shops:
D:6 ?

Annotations:
Temple 2 transporters


Innate Abilities, Weirdness & Mutations

You are immune to sickness and miasma.
Your stone body is resilient. (AC +8)
You are immune to poison.
You resist negative energy. (rN+)
You are resistant to electric shocks. (rElec)
You are resistant to unholy torment.
You are immune to petrification.
You have supernaturally acute eyesight. (SInv)
You are agile. (Dex +4, Str/Int -1)
You are robust. (+10% HP)


Message History

The vampire is severely damaged.
You barely miss Maurice.
The vampire hits you but does no damage.
The vampire barely misses you. Maurice barely misses you.
The grasping roots constrict you.
* * * LOW HITPOINT WARNING * * *
The grasping roots release their grip on you.
Maurice says, "Lost something?"
Maurice hits you but does no damage.
You bump into the rock wall.
The vampire hits you but does no damage.
The vampire bites you.
* * * LOW HITPOINT WARNING * * *
Maurice barely misses you.
You slash Maurice!
You kill Maurice!
Okawaru is honoured by your kill.
You miss the vampire. The vampire casts a spell at you.
You are more confused.
The vampire barely misses you. The vampire closely misses you.
The vampire hits you but does no damage.
The vampire bites you but does no damage.
You're too confused to move!
The vampire closely misses you.
The vampire bites you but does no damage.
The vampire hits you but does no damage.
The vampire barely misses you.
The vampire hits you but does no damage.
The vampire bites you!
* * * LOW HITPOINT WARNING * * *
The vampire closely misses you. x2
You closely miss the vampire.
The vampire is severely damaged.
The vampire hits you but does no damage.
The vampire closely misses you.
You closely miss the vampire.
The vampire is severely damaged.
You feel less confused. The vampire misses you. The vampire bites you.
You die...

# ##.# #... ## #..# #######.## .#
##.## #......... .#### #..#
#......... ....# ##'#########
#......... ....######..........#
#.........
....##...+..........####.........
....##........).....'.##.........
....##.####.####@V..#..#.........
....##.##.....##....##...........
.......#.......#..).####........
....##.#.......#....# #........
######....._.....#'## #########
#.#.......#...# #.#.......#..##
#.##.....##..# #.####.####..


You could see a vampire (invisible).

Vanquished Creatures
  Lodul (D:9)
  Pikel (D:5)
  Maurice (D:10)
  A hornet (D:8)
  A troll (D:9)
  Prince Ribbit (D:9)
  Sigmund (D:6)
  A wyvern (D:9)
  11 yaks (D:9)
  Grum (D:9)
  2 steam dragons
  2 water moccasins
  A black bear (D:5)
  14 orc warriors
  A sky beast (D:8)
  An ice beast (D:7)
  4 wolves (D:9)
  11 ogres
  A centaur (D:7)
  2 phantoms
  A lemure (D:5)
  2 kobold brigands (D:5)
  3 bullfrogs
  3 necrophages
  10 scorpions
  17 wights
  10 killer bees (D:9)
  3 howler monkeys
  Crazy Yiuf (D:2)
  2 orc priests
  6 hounds
  A jelly (D:6)
  2 iguanas
  Jessica (D:3)
  Terence (D:2)
  11 orc wizards
  A sickly merfolk siren (Sewer)
  A malarious merfolk avatar (Sewer)
  11 gnolls
  11 adders
  5 river rats
  A shadow imp (D:8)
  3 white imps
  2 ufetubi (D:5)
  A worm (D:3)
  2 dart slugs
  39 orcs
  4 endoplasms
  6 giant cockroaches
  15 goblins
  16 hobgoblins
  7 jackals (D:3)
  8 quokkas
  9 ball pythons
  11 bats
  4 frilled lizards
  15 kobolds
  24 rats
329 creatures vanquished.

Vanquished Creatures (others)
  3 fungi (D:5)
  11 plants
14 creatures vanquished.

Grand Total: 343 creatures vanquished

Notes
Turn   | Place    | Note
-------+----------+-------------------------------------------
     0 | D:1      | mistaj the Gargoyle Fighter began the quest for the Orb.
     0 | D:1      | Reached XP level 1. HP: 14/14 MP: 1/1
   143 | D:1      | Reached XP level 2. HP: 17/19 MP: 2/2
  1033 | D:2      | Reached XP level 3. HP: 24/24 MP: 3/3
  1050 | D:2      | Found a faded altar of an unknown god.
  1113 | D:2      | Identified the +2 whip of Vuilot {vamp, +Blink rElec rCorr}
  1229 | D:2      | Found a runed translucent door.
  1230 | D:2      | Noticed Crazy Yiuf
  1235 | D:2      | Killed Crazy Yiuf
  1236 | D:2      | Reached skill level 4 in Fighting
  1236 | D:2      | Reached XP level 4. HP: 29/29 MP: 4/4
  1378 | D:2      | Noticed Terence
  1384 | D:2      | Killed Terence
  1468 | D:2      | Reached XP level 5. HP: 28/34 MP: 5/5
  2011 | D:3      | Reached skill level 1 in Maces & Flails
  2264 | D:3      | Identified the +4 sling "Sicoohir" {antimagic, rCorr SInv}
  2333 | D:3      | Found a shimmering blue altar of Sif Muna.
  2347 | D:3      | Got Sif Muna's Dissertation on Accompaniment
  2352 | D:3      | Found a bloodstained altar of Trog.
  2473 | D:3      | Found a basalt altar of Yredelemnul.
  2678 | D:3      | Noticed Jessica
  2684 | D:3      | Killed Jessica
  2769 | D:4      | Reached XP level 6. HP: 40/40 MP: 6/6
  2867 | D:4      | Reached skill level 5 in Fighting
  2867 | D:4      | Reached skill level 5 in Shields
  2963 | D:4      | Reached XP level 7. HP: 29/44 MP: 7/7
  3180 | D:4      | Found a staircase to the Ecumenical Temple.
  3194 | Temple   | Entered the Ecumenical Temple
  3194 | Temple   | Found a transporter.
  3194 | Temple   | Found a transporter.
  3196 | Temple   | Found a transporter.
  3196 | Temple   | Found a transporter.
  3220 | Temple   | Became a worshipper of Warmaster Okawaru
  3503 | D:5      | Entered Level 5 of the Dungeon
  3524 | D:5      | Reached skill level 6 in Fighting
  3686 | D:5      | Reached XP level 8. HP: 48/52 MP: 8/8
  3814 | D:5      | Reached * piety under Okawaru
  3857 | D:5      | Reached skill level 7 in Fighting
  3866 | D:5      | Reached skill level 5 in Maces & Flails
  3989 | D:5      | Gained mutation: You are agile. (Dex +4, Str/Int -1)
                  | [potion of mutation]
  3989 | D:5      | Gained mutation: You have supernaturally acute eyesight.
                  | (SInv) [potion of mutation]
  3989 | D:5      | Gained mutation: You are robust. (+10% HP) [potion of
                  | mutation]
  4150 | D:5      | Reached skill level 8 in Fighting
  4151 | D:5      | Reached ** piety under Okawaru
  4552 | D:6      | Noticed Pikel
  4552 | D:6      | Noticed Sigmund
  4552 | D:6      | Found a glowing drain.
  4620 | D:5      | Killed Pikel
  4620 | D:5      | Reached *** piety under Okawaru
  4621 | D:5      | Reached skill level 9 in Fighting
  4621 | D:5      | Reached XP level 9. HP: 50/66 MP: 9/9
  4704 | D:6      | Killed Sigmund
  4723 | Sewer    | Entered a sewer
  5408 | D:6      | Reached skill level 10 in Fighting
  5540 | D:6      | Found Sutudoph's Magic Scroll Boutique.
  5556 | D:6      | Reached **** piety under Okawaru
  6072 | D:7      | Found a stormy altar of Qazlal.
  6134 | D:7      | Reached XP level 10. HP: 74/74 MP: 10/10
  6681 | D:7      | Received a gift from Okawaru
  6682 | D:7      | Reached skill level 11 in Fighting
  7674 | D:8      | Reached skill level 10 in Maces & Flails
  7703 | D:8      | Reached ***** piety under Okawaru
  7893 | D:9      | Reached skill level 12 in Fighting
  7917 | D:9      | Noticed Grum
  7942 | D:9      | Killed Grum
  8114 | D:9      | Received a gift from Okawaru
  8125 | D:9      | Reached XP level 11. HP: 67/83 MP: 11/11
  8179 | D:9      | Noticed Prince Ribbit
  8422 | D:9      | Killed Prince Ribbit
  8522 | D:9      | Reached skill level 13 in Fighting
  8547 | D:9      | Found a sacrificial altar of Ru.
  9255 | D:10     | Entered Level 10 of the Dungeon
  9255 | D:10     | Found a flagged portal.
  9259 | D:10     | Identified the +8 hand axe of Sunlight {freeze, rPois
                  | Stlth+}
  9264 | Bailey   | Entered a bailey
  9693 | Bailey   | Noticed an orc warlord
 10369 | D:10     | Noticed Lodul
 10380 | D:10     | Received a gift from Okawaru
 10743 | D:9      | Killed Lodul
 10885 | D:10     | Found a hazy altar of Hepliaklqana.
 11003 | D:10     | Noticed Maurice
 11035 | D:10     | Killed Maurice
 11039 | D:10     | HP: 4/86 [vampire (11)]
 11043 | D:10     | Slain by a vampire

Illustrated notes

Levels and vault maps discovered:
D:1:      dpeg_arrival_tiny_k, layout_basic
D:2:      layout_rooms, shapermc_ecumenical_altar_mp_vishouse, serial_forest,
          infiniplex_forest_clump_diagonal, infiniplex_forest_clump_small,
          infiniplex_forest_clump_long, infiniplex_forest_zigzag_1,
          infiniplex_forest_zigzag_1, infiniplex_forest_end_1,
          infiniplex_forest_lined_room_3, uniq_terence, uniq_crazy_yiuf_cottage
D:3:      layout_basic, nzn_overflow_gifts_of_might_and_magic,
          nicolae_overflow_crystal_walls, uniq_jessica
D:4:      layout_basic, temple_green, serial_bayou_pond_b
D:5:      old_forge, layout_cave_pools, lexackson_kobold_supper
D:6:      cheibrodos_iron_armory, layout_rooms, portal_sewer_entry_a,
          serial_shops, kennysheep_little_box, uniq_pikel, uniq_sigmund
D:7:      layout_gridville, grunt_qazlal_clouds
D:8:      layout_loops_ring
D:9:      layout_loops_ring, nicolae_ru_sacrificial_ziggurat,
          uniq_prince_ribbit1, uniq_grum
D:10:     layout_roguey, old_standard_altar, nzn_makhleb_speed_demon,
          dpeg_oklobed_lair, enter_bailey_2, uniq_maurice, uniq_sonja,
          uniq_lodul
Temple:   hellmonk_temple_divided_pantheon

Skill      XL: |  1  2  3  4  5  6  7  8  9 10 11 |
---------------+----------------------------------+-----
Axes           | 2 4 |  4.3
Fighting       | 4 5 6 9 10 12 13 | 13.6
Shields        | 4 5 6 |  6.0
Maces & Flails | 1 2 4 7 8 10 11 | 11.6
Armour         | 4 |  4.6

Action                     |  1- 3 |  4- 6 |  7- 9 | 10-12 || total
---------------------------+-------+-------+-------+-------++-------
  Melee: War axe           |    96 |    14 |       |       ||   110
         Flail             |       |   149 |   431 |   509 ||  1089
         Whip              |       |       |    35 |       ||    35
         Broad axe         |       |       |       |    44 ||    44
         Hand axe          |       |       |       |    37 ||    37
  Evoke: Wand              |       |       |       |     2 ||     2
    Use: Scroll            |     1 |     8 |     5 |     2 ||    16
         Potion            |       |       |     1 |     1 ||     2
   Stab: Held in net/web   |       |       |     2 |       ||     2
 Armour: Scale mail        |    63 |    93 |    83 |       ||   239
         Chain mail        |       |       |   211 |       ||   211
         Plate armour      |       |       |    21 |   227 ||   248
         Ring mail         |       |       |       |    49 ||    49
  Dodge: Dodged            |    61 |    91 |   164 |   136 ||   452
  Block: Buckler           |    28 |    32 |   128 |   110 ||   298

Table legend: (Time is in decaauts)
 A = Elapsed time spent in this place.
 B = Non-inter-level travel time spent in this place.
 C = Inter-level travel time spent in this place.
 D = Time resting spent in this place.
 E = Time spent auto-exploring this place.
 F = Levels seen in this place.
 G = Mean time per level.
                   A        B        C        D        E       F      G
               +--------+--------+--------+--------+--------+-----+--------+
         Total |  11188 |  10924 |    264 |   2628 |   4906 |  13 |  860.6 |
       Dungeon |   9431 |   9181 |    250 |   1942 |   4726 |  10 |  943.1 |
        Temple |     42 |     28 |     14 |      0 |      4 |   1 |   42.0 |
         Sewer |    648 |    648 |      0 |    217 |    176 |   1 |  648.0 |
        Bailey |   1066 |   1066 |      0 |    469 |      0 |   1 | 1066.0 |
               +--------+--------+--------+--------+--------+-----+--------+

Top non-repeatable levels by time:
     D:9: 1620 daAuts
     D:8: 1336 daAuts
     D:5: 1194 daAuts
  Bailey: 1066 daAuts
     D:1: 1060 daAuts
     D:2: 900 daAuts
     D:3: 878 daAuts
     D:6: 747 daAuts
     D:4: 733 daAuts
     D:7: 718 daAuts
   Sewer: 648 daAuts
    D:10: 244 daAuts
  Temple: 42 daAuts
